 Dungeon Crawl Stone Soup version 0.23.2-33-g5129a83184 (webtiles) character file.

Game seed: 6858570370236150238

1924 Exodus22XD the Thaumaturge (level 8, 0/41 HPs)
             Began as a Deep Elf Wizard on June 29, 2019.
             Was an Initiate of Vehumet.
             Shot with an arrow by a centaur (7 damage)
             ... on level 8 of the Dungeon.
             The game lasted 00:45:38 (9161 turns).

Exodus22XD the Thaumaturge (Deep Elf Wizard)        Turns: 9161, Time: 00:45:42

Health: 0/41       AC:  7    Str:  4    XL:     8   Next: 96%
Magic:  15/23      EV: 13    Int: 26    God:    Vehumet [......]
Gold:   575        SH:  0    Dex: 17    Spells: 13/25 levels left

rFire    x . .     SeeInvis .   (no weapon)
rCold    + + .     Gourm    .   (no shield)
rNeg     + + +     Faith    .   j - +0 robe {rF+}
rPois    .         Spirit   .   b - +0 hat
rElec    .         Reflect  .   l - +0 cloak
rCorr    .         Harm     +   D - +0 pair of gloves of Noughts and Crosses {rF- rC+ rN+++ Regen+}
MR       .....                  J - +2 pair of boots
Stlth    ++........             f - amulet of harm
HPRegen  0.53/turn              w - ring of ice
MPRegen  0.18/turn              k - +4 ring of dexterity

@: no status effects
A: no striking features
a: Renounce Religion


You were on level 8 of the Dungeon.
You worshipped Vehumet.
Vehumet was noncommittal.
You were not hungry.

You visited 2 branches of the dungeon, and saw 9 of its levels.

You collected 575 gold pieces.

Inventory:

Hand Weapons
 i - a +0 dagger
Armour
 b - a +0 hat (worn)
 j - a +0 robe of fire resistance (worn)
 l - a +0 cloak (worn)
 D - the +0 pair of gloves of Noughts and Crosses (worn) {rF- rC+ rN+++ Regen+}
   (You found it on level 6 of the Dungeon)

   It makes you vulnerable to fire.
   It protects you from cold.
   It renders you almost immune to negative energy.
   It increases your rate of regeneration.
 J - a +2 pair of boots (worn)
Jewellery
 f - an amulet of harm (around neck)
 g - an uncursed ring of flight
 k - a +4 ring of dexterity (right hand)
 o - a +2 amulet of reflection
 w - a ring of ice (left hand)
 x - an uncursed amulet of the acrobat {unknown}
 G - an uncursed amulet of faith {unknown}
Wands
 s - a wand of acid (14)
 y - a wand of paralysis (15)
 H - a wand of clouds (8)
Scrolls
 a - 3 scrolls of magic mapping
 c - 2 scrolls of remove curse
 e - 5 scrolls of teleportation
 m - 2 scrolls of enchant weapon
 n - a scroll of amnesia {unknown}
 q - 2 scrolls of enchant armour {unknown}
 r - a scroll of random uselessness {unknown}
 t - 3 scrolls of immolation
 B - a scroll of fear {unknown}
 E - 2 scrolls of fog {unknown}
 I - a scroll of noise {unknown}
Potions
 h - 2 potions of mutation {unknown}
 p - 3 potions of brilliance
 u - a potion of agility {unknown}
 v - 2 potions of flight {unknown}
 z - a potion of haste {unknown}
 A - a potion of curing {unknown}
 C - a potion of berserk rage {unknown}
 F - 2 potions of lignification {unknown}
Comestibles
 d - 8 rations


   Skills:
 - Level 2.4 Dodging
 - Level 2.4 Stealth
 - Level 9.0 Spellcasting
 - Level 7.1 Conjurations
 - Level 2.1 Summonings
 - Level 2.9 Translocations
 + Level 6.4 Fire Magic
 - Level 3.3 Poison Magic


You had 13 spell levels left.
You knew the following spells:

 Your Spells              Type           Power        Failure   Level  Hunger
a - Magic Dart            Conj           ####         1%          1    None
b - Call Imp              Summ           ###.....     3%          2    None
c - Blink                 Tloc           N/A          2%          2    None
d - Conjure Flame         Conj/Fire      #####...     1%          3    None
e - Mephitic Cloud        Conj/Pois/Air  ####....     3%          3    None
f - Apportation           Tloc           ####..       1%          1    None

Your spell library contained the following spells:

 Spells                   Type           Power        Failure   Level  Hunger
 Shock                    Conj/Air       ####         1%          1    None
 Summon Small Mammal      Summ           ###.         2%          1    None
 Animate Skeleton         Necr           N/A          4%          1    None
 Confusing Touch          Hex            ##....       4%          1    None
 Pain                     Necr           ##..         4%          1    None
 Slow                     Hex            ##......     8%          2    None
 Regeneration             Chrm/Necr      ##........   16%         3    None
 Vampiric Draining        Necr           ##........   16%         3    None
 Animate Dead             Necr           N/A          45%         4    #......


Dungeon Overview and Level Annotations

Branches:
Dungeon (8/15)             Temple (1/1) D:7            Lair (0/6) D:8

Altars:
Ashenzari
Cheibriados
Dithmenos
Elyvilon
Fedhas
Gozag
Hepliaklqana
Kikubaaqudgha
Makhleb
Nemelex Xobeh
Okawaru
Ru
Sif Muna
Uskayaw
Vehumet
Xom
Yredelemnul
Zin
The Shining One

Shops:
D:4 (   D:6 [


Message History

Press: ? - help, Dir - move target cursor, f/p - centaur
Aim: a centaur, wielding a +0 shortbow (moderately wounded) Attack!
The centaur shoots an arrow.
The arrow hits your crimson imp!
Your crimson imp dies!
Your shadow imp hits the centaur but does no damage.
Casting: Call Imp (safe; 3% risk of failure)
Confirm with . or Enter, or press ? or * to list all spells.
A beastly little devil appears in a puff of flame.
The centaur shoots an arrow.
The arrow hits you.
The centaur shoots an arrow.
The arrow hits you!
Your shadow imp hits the centaur.
Your shadow imp completely misses the centaur.
Your crimson imp hits the centaur.
Casting: Call Imp (safe; 3% risk of failure)
Confirm with . or Enter, or press ? or * to list all spells.
A beastly little devil appears in a puff of frigid air.
The centaur shoots an arrow.
The arrow hits you!
* * * LOW HITPOINT WARNING * * *
Your shadow imp hits the centaur.
Your crimson imp hits the centaur.
The centaur shoots an arrow.
The arrow hits you.
You die...

### ### #.. ..#
####.# #.# #....#
#.# #.##.###.#
#.....5(@#
#..###(.(#
#..>###.(########
# #.###
#.5c....... .
#.#####..5.(5....
.
#..((##.#####c##.
. #.##(##.# # y
####.##(##.# #
#....##.##.### .


You could see a centaur, a friendly crimson imp, a friendly white imp and a
friendly shadow imp.

Vanquished Creatures
  A spriggan (D:7)
  Menkaure (D:4)
  An orc warrior (D:8)
  A sky beast (D:7)
  A phantom (D:5)
  A black bear (D:6)
  2 ogres
  3 bullfrogs
  A scorpion (D:8)
  3 killer bees (D:8)
  5 crimson imps
  A jelly (D:5)
  A hound (D:8)
  An orc priest (D:7)
  A centaur skeleton (D:5)
  4 iguanas
  3 worker ants
  2 orc wizards
  A hound skeleton (D:7)
  5 adders
  3 shadow imps
  3 oozes
  A worm (D:3)
  2 dart slugs (D:1)
  4 leopard geckos
  11 orcs
  2 ball pythons
  6 bats
  5 giant cockroaches
  9 goblins
  12 hobgoblins
  2 jackals (D:1)
  3 quokkas
  4 frilled lizards
  A jackal skeleton (D:6)
  2 kobolds (D:3)
  2 quokka skeletons
  13 rats
124 creatures vanquished.

Vanquished Creatures (collateral kills)
  A centaur (D:6)
  A scorpion (D:5)
  A bullfrog zombie (D:6)
  A crimson imp (D:5)
  An adder (D:2)
  A worm (D:2)
  A ball python (D:1)
  4 jackals (D:1)
11 creatures vanquished.

Grand Total: 135 creatures vanquished

Notes
Turn   | Place    | Note
-------+----------+-------------------------------------------
     0 | D:1      | Exodus22XD the Deep Elf Wizard began the quest for the Orb.
     0 | D:1      | Reached XP level 1. HP: 10/10 MP: 7/7
   139 | D:1      | Reached XP level 2. HP: 15/15 MP: 4/9
   143 | D:1      | Learned a level 2 spell: Call Imp
   411 | D:1      | Reached XP level 3. HP: 17/19 MP: 0/11
  1049 | D:2      | Learned a level 2 spell: Blink
  1644 | D:2      | Found a sacrificial altar of Ru.
  1994 | D:2      | Reached XP level 4. HP: 24/24 MP: 9/12
  2395 | D:2      | Found a snail-covered altar of Cheibriados.
  2463 | D:3      | Learned a level 3 spell: Conjure Flame
  2825 | D:3      | You fall through a shaft for 3 floors!
  2857 | D:6      | Found a shimmering altar of Xom.
  2858 | D:6      | Found a hazy altar of Hepliaklqana.
  2858 | D:6      | Noticed an insubstantial wisp
  2859 | D:6      | Noticed an insubstantial wisp
  2859 | D:6      | Noticed a spectral ugly thing
  2908 | D:6      | Noticed a black bear
  2978 | D:6      | Reached skill level 1 in Fire Magic
  2978 | D:6      | Reached XP level 5. HP: 8/28 MP: 0/13
  3367 | D:5      | Entered Level 5 of the Dungeon
  3401 | D:5      | Found an iron altar of Okawaru.
  3455 | D:5      | Reached skill level 5 in Spellcasting
  3555 | D:5      | Noticed a phantom
  3678 | D:5      | Killed a phantom
  3678 | D:5      | Reached skill level 6 in Spellcasting
  3678 | D:5      | Reached XP level 6. HP: 19/32 MP: 12/17
  3806 | D:5      | Learned a level 3 spell: Mephitic Cloud
  4053 | D:5      | Found a blossoming altar of Fedhas.
  4490 | D:4      | Noticed Menkaure
  4498 | D:4      | Killed Menkaure
  4498 | D:4      | Reached skill level 7 in Spellcasting
  4694 | D:4      | Found Anew's Antique Weapon Shoppe.
  5040 | D:4      | Reached skill level 5 in Conjurations
  5040 | D:4      | Reached XP level 7. HP: 29/36 MP: 14/20
  5179 | D:4      | Found a sparkling altar of Nemelex Xobeh.
  5651 | D:3      | Learned a level 1 spell: Apportation
  5789 | D:3      | Found a faded altar of an unknown god.
  5958 | D:3      | Found a burning altar of Makhleb.
  6173 | D:6      | Reached skill level 8 in Spellcasting
  6989 | D:6      | You fall through a shaft!
  7155 | D:6      | Reached XP level 8. HP: 41/41 MP: 17/22
  7234 | D:6      | Got a pair of crude gloves
  7240 | D:6      | Identified the cursed +0 pair of gloves of Noughts and
                  | Crosses {rF- rC+ rN+++ Regen+} (You found it on level 6 of
                  | the Dungeon)
  7505 | D:6      | Found Tiythrafa's Antique Armour Emporium.
  7737 | D:7      | Found a staircase to the Ecumenical Temple.
  7743 | Temple   | Entered the Ecumenical Temple
  7774 | Temple   | Became a worshipper of Vehumet
  8046 | D:7      | Reached skill level 9 in Spellcasting
  8255 | D:7      | Found an iron altar of Okawaru.
  8441 | D:8      | Reached skill level 5 in Fire Magic
  9004 | D:8      | Reached * piety under Vehumet
  9004 | D:8      | Offered knowledge of Shock by Vehumet.
  9026 | D:8      | HP: 2/41 [centaur/arrow (8)]
  9046 | D:8      | Found a staircase to the Lair.
  9161 | D:8      | Shot with an arrow by a centaur

Skill      XL: |  1  2  3  4  5  6  7  8 |
---------------+-------------------------+-----
Conjurations   | 2 3 4 5 6 7 |  7.1
Summonings     | 2 |  2.1
Fire Magic     | 1 2 6 |  6.4
Spellcasting   | 6 7 8 9 |  9.0
Translocations | 2 |  2.9
Poison Magic   | 3 |  3.3
Dodging        | |  2.4
Stealth        | |  2.4

Action                   |  1- 3 |  4- 6 |  7- 9 || total
-------------------------+-------+-------+-------++-------
Melee: Dagger            |       |     9 |       ||     9
 Cast: Magic Dart        |    89 |   104 |   200 ||   393
       Call Imp          |     5 |     8 |    24 ||    37
       Conjure Flame     |       |     1 |    11 ||    12
       Blink             |       |       |     6 ||     6
       Mephitic Cloud    |       |       |     8 ||     8
  Use: Scroll            |       |     7 |     2 ||     9
       Potion            |       |       |     2 ||     2
  Eat: Ration            |     1 |     2 |     4 ||     7
       Chunk             |       |     2 |       ||     2
Armor: Robe              |       |     5 |     6 ||    11
Dodge: Dodged            |    12 |    15 |    44 ||    71
Block: Other             |       |     2 |     4 ||     6
